[Event "Titled Tuesday Blitz May 16 Early 2023"]
[White "RobertDowneyJr0111"]
[Black "Zherebukh, Yaroslav"]
[BlackFideId "14116804"]
[WhiteElo "2617"]
[BlackElo "2531"]
[Result "1/2-1/2"]
[Round "05"]
[TimeControl "180+2"]
[Date "2023.05.16"]
[WhiteClock "0:00:12"]
[BlackClock "0:00:13"]

1. e4 c6 2. Nf3 d5 3. Nc3 dxe4 4. Nxe4 Nf6 5. Qe2 Nxe4 6. Qxe4 Be6 7. c4 g6 8. d4 Bg7 9. Be2 Nd7 10. O-O Nf6 11. Qe3 Bg4 12. h3 Bxf3 13. Bxf3 O-O 14. b3 e6 15. Bb2 a5 16. Rad1 a4 17. b4 Rc8 18. a3 b5 19. cxb5 cxb5 20. d5 exd5 21. Bxf6 Qxf6 22. Rxd5 Rc3 23. Rd3 Rfc8 24. Rfd1 h5 25. Rxc3 Rxc3 26. Rd3 Rc2 27. Qe8+ Kh7 28. Qxb5 Qa1+ 29. Rd1 Qxa3 30. Be4 Rc1 31. Qxh5+ Kg8 32. Qd5 Rxd1+ 33. Qxd1 Qxb4 34. Qd8+ Kh7 35. Qh4+ Kg8 36. Qd8+ Bf8 37. Qd5 Qb6 38. h4 a3 39. h5 gxh5 40. Qxh5 Bg7 41. Qd5 Bd4 42. Qa8+ Kg7 43. Qxa3 Bxf2+ 44. Kf1 Bh4 45. Qc3+ Bf6 46. Qg3+ Kf8 47. Qd3 Kg7 48. Bf3 Bh4 49. Qc3+ f6 50. Qc2 Qe3 51. Qe2 Qc1+ 52. Qd1 Qe3 53. Qe2 Qc3 54. g4 Qc1+ 55. Kg2 Qc7 56. Qe4 Qg3+ 57. Kh1 Qh3+ 58. Kg1 Qg3+ 59. Kh1 Qc7 60. Qb7 Bg3 61. Qxc7+ Bxc7 62. Kg2 Kh6 63. Be4 Kg5 64. Bf5 Kf4 65. Kf2 Be5 66. Ke2 Bd4 67. Kd3 Bc5 68. Kc4 Bf8 69. Kd5 Bh6 70. Ke6 Bg5 71. Kf7 Kg3 72. Kg6 Kf2 73. Kf7 Ke3 74. Ke6 Kd2 75. Kd5 Ke1 76. Kc6 Kf2 77. Kd7 Kg3 1/2-1/2


[Site "https://www.chess.com"]

[Event "Titled Tuesday Blitz May 16 Early 2023"]
[White "Kamalidenova, Meruert"]
[Black "Pultinevicius, Paulius"]
[WhiteFideId "13712802"]
[BlackFideId "12809390"]
[WhiteElo "2361"]
[BlackElo "2540"]
[Result "1-0"]
[Round "05"]
[TimeControl "180+2"]
[Date "2023.05.16"]
[WhiteClock "0:00:18"]
[BlackClock "0:00:23"]

1. e4 c5 2. Nf3 e6 3. d4 cxd4 4. Nxd4 a6 5. Bd3 b5 6. Nc3 Bb7 7. O-O Nc6 8. Nxc6 Bxc6 9. Re1 Ne7 10. Be3 Ng6 11. a4 b4 12. Nd5 Rb8 13. a5 Bd6 14. Bxa6 Qh4 15. h3 Be5 16. Bf1 Qxe4 17. Nb6 Nf4 18. Bxf4 Qxf4 19. g3 Qd4 20. Qxd4 Bxd4 21. Nc4 Ke7 22. Rad1 Bf6 23. b3 d5 24. Nb6 Rhd8 25. Bg2 Kf8 26. Bf1 Be7 27. Ra1 Bc5 28. Na4 Bd4 29. Ra2 Ra8 30. a6 Rdb8 31. Rd1 e5 32. Rc1 Bb5 33. Bxb5 Rxb5 34. c3 bxc3 35. Nxc3 Rc5 36. Ne2 Rxc1+ 37. Nxc1 Ke7 38. b4 Kd6 39. Nb3 Bb6 40. b5 d4 41. Rc2 Kd5 42. Kf1 d3 43. Rc6 Rb8 44. Rxb6 Rxb6 45. a7 Rxb5 46. a8=Q+ Kc4 47. Nd2+ Kc3 48. Ne4+ Kd4 49. Qa4+ Kd5 50. Qxb5+ Kxe4 51. Qc4+ 1-0


[Site "https://www.chess.com"]

[Event "Titled Tuesday Blitz May 16 Early 2023"]
[White "Boyer, Mahel"]
[Black "Pacan-Milej, Kosma"]
[WhiteFideId "45102422"]
[BlackFideId "21800537"]
[WhiteElo "2439"]
[BlackElo "2302"]
[Result "0-1"]
[Round "05"]
[TimeControl "180+2"]
[Date "2023.05.16"]
[WhiteClock "0:00:17"]
[BlackClock "0:00:41"]

1. Nf3 Nf6 2. g3 g6 3. Bg2 Bg7 4. O-O O-O 5. d4 d6 6. a4 a5 7. b3 Nc6 8. Bb2 Qe8 9. Na3 e5 10. dxe5 Ng4 11. Nb5 Qd8 12. Qd2 Ngxe5 13. Nxe5 Nxe5 14. Rad1 Re8 15. c4 Qe7 16. Rfe1 Nc6 17. Bxg7 Kxg7 18. Qc3+ f6 19. Rd3 Bf5 20. Re3 Qd7 21. Rd1 Rxe3 22. Qxe3 Re8 23. Qd2 Re7 24. e3 Bg4 25. f3 Bh3 26. e4 Bxg2 27. Kxg2 f5 28. exf5 Qxf5 29. Qb2+ Qf6 30. Rd5 Qxb2+ 0-1


[Site "https://www.chess.com"]

[Event "Titled Tuesday Blitz May 16 Early 2023"]
[White "Gheorghiu, Calin"]
[Black "Kravtsiv, Martyn"]
[WhiteFideId "1200305"]
[BlackFideId "14113147"]
[WhiteElo "2223"]
[BlackElo "2695"]
[Result "0-1"]
[Round "05"]
[TimeControl "180+2"]
[Date "2023.05.16"]
[WhiteClock "0:00:00"]
[BlackClock "0:01:21"]

1. e4 c5 2. Nf3 e6 3. g3 Nc6 4. Bg2 Nf6 5. Qe2 Be7 6. O-O O-O 7. e5 Nd5 8. c3 d6 9. d4 b6 10. Na3 cxd4 11. cxd4 a5 12. Nb5 Ba6 13. a4 Rc8 14. exd6 Bxd6 15. Bg5 Qd7 16. Rac1 h6 17. Bd2 Na7 18. Ne5 Bxe5 19. Qxe5 Bxb5 20. axb5 Qxb5 21. Be4 Qxb2 22. Rxc8 Rxc8 23. Rd1 Nc6 24. Qh5 Qxd4 25. Bb1 Nf6 26. Qb5 Ne5 27. Qa6 Rd8 0-1


[Site "https://www.chess.com"]

[Event "Titled Tuesday Blitz May 16 Early 2023"]
[White "Hambleton, Aman"]
[Black "HamedWafa4"]
[WhiteFideId "2606577"]
[WhiteElo "2511"]
[BlackElo "2593"]
[Result "1/2-1/2"]
[Round "05"]
[TimeControl "180+2"]
[Date "2023.05.16"]
[WhiteClock "0:00:05"]
[BlackClock "0:00:05"]

1. d4 Nf6 2. c4 e6 3. Nc3 Bb4 4. Qc2 O-O 5. Nf3 d6 6. a3 Bxc3+ 7. Qxc3 b6 8. g3 Bb7 9. Bg2 Nbd7 10. O-O c5 11. dxc5 dxc5 12. b3 Qe7 13. Rd1 Rfd8 14. Bb2 h6 15. Rd3 Be4 16. Rd2 Nf8 17. Rad1 Ng6 18. Ne5 Rxd2 19. Rxd2 Nxe5 20. Bxe4 Nxe4 21. Qxe5 Nf6 22. Qd6 Qxd6 23. Rxd6 Kf8 24. Bxf6 gxf6 25. Rd7 Ke8 26. Rb7 Rd8 27. Rxa7 Rd1+ 28. Kg2 Rb1 29. Ra6 Rxb3 30. a4 Rb4 31. a5 bxa5 32. Rxa5 Rxc4 33. Ra7 Kf8 34. e3 f5 35. Kh3 Kg7 36. Kg2 Rc2 37. Kf3 Kg6 38. Rc7 c4 39. h3 Rc1 40. Rc6 c3 41. Ke2 Kf6 42. Kd3 Rd1+ 43. Ke2 Rd2+ 44. Ke1 Rc2 45. Kf1 Ke5 46. Rc7 Kd6 47. Rc8 Rc1+ 48. Ke2 Rc2+ 49. Kf3 Kd5 50. g4 fxg4+ 51. hxg4 Rc1 52. Ke2 Ke5 53. Kd3 Rd1+ 54. Ke2 Rd2+ 55. Kf3 Rc2 56. Rc7 Kf6 57. Kg3 Kg6 58. Kf3 Rc1 59. Rc6 Kg5 60. Rc5+ Kg6 61. Rc6 Rc2 62. Kg3 Kf6 63. Rc7 Rc1 64. Kf3 e5 65. Rc6+ Kg5 66. Rc5 f6 67. Rc4 c2 68. Rc8 e4+ 69. Kxe4 Kxg4 70. Rg8+ Kh5 71. Rc8 Kh4 72. Kf5 h5 73. e4 Kh3 74. f4 Kg3 75. Kxf6 Kxf4 76. e5 Ke3 77. e6 Kd3 78. e7 Rf1+ 79. Kg5 Re1 80. Kf6 Kd2 81. Rd8+ Kc1 82. e8=Q Rxe8 83. Rxe8 Kb1 84. Rb8+ Ka2 85. Rc8 Kb2 86. Rb8+ Ka2 87. Rc8 Kb2 88. Rb8+ Ka2 1/2-1/2


[Site "https://www.chess.com"]

[Event "Titled Tuesday Blitz May 16 Early 2023"]
[White "Nikologorskiy, Konstantin"]
[Black "Hayrapetyan, Hovik"]
[WhiteFideId "24111708"]
[BlackFideId "13302639"]
[WhiteElo "2273"]
[BlackElo "2348"]
[Result "1-0"]
[Round "05"]
[TimeControl "180+2"]
[Date "2023.05.16"]
[WhiteClock "0:00:24"]
[BlackClock "0:00:00"]

1. d4 Nf6 2. c4 e6 3. Nf3 d5 4. g3 Be7 5. Bg2 O-O 6. O-O dxc4 7. Qc2 a6 8. Qxc4 b5 9. Qc2 Bb7 10. Bg5 Nbd7 11. Bxf6 Nxf6 12. Nbd2 Rc8 13. Nb3 Be4 14. Qc1 c5 15. dxc5 Nd7 16. Qf4 Bd5 17. Rfd1 Qc7 18. e4 Bxb3 19. Qxc7 Rxc7 20. axb3 Nxc5 21. Nd4 Bf6 22. Rac1 Rd8 23. e5 Be7 24. b4 Rcd7 25. bxc5 Rxd4 26. Rxd4 Rxd4 27. c6 Bd8 28. c7 Bxc7 29. Rxc7 Rd1+ 30. Bf1 g5 31. Ra7 Ra1 32. Kg2 Ra2 33. Bxb5 Rxb2 34. Bxa6 Ra2 35. Ra8+ Kg7 36. Bb7 Re2 37. Ra5 g4 38. Ra4 h5 39. Re4 Rb2 40. Bc6 Rc2 41. Ba4 Rc5 42. h3 gxh3+ 43. Kxh3 Kg6 44. Bd1 Kg5 45. Rh4 Kg6 46. Bxh5+ Kg7 47. f4 Rc3 48. Bg4 1-0


[Site "https://www.chess.com"]

[Event "Titled Tuesday Blitz May 16 Early 2023"]
[White "Ibadov, Dashgyn"]
[Black "Fernandez Guillen, Ernesto J."]
[WhiteFideId "24107514"]
[BlackFideId "3512428"]
[WhiteElo "2208"]
[BlackElo "2429"]
[Result "0-1"]
[Round "05"]
[TimeControl "180+2"]
[Date "2023.05.16"]
[WhiteClock "0:00:00"]
[BlackClock "0:00:42"]

1. e4 e5 2. Nf3 Nc6 3. d4 exd4 4. Nxd4 g6 5. Nc3 Bg7 6. Be3 Nge7 7. Qd2 O-O 8. O-O-O d5 9. Nxc6 bxc6 10. Bh6 Be6 11. h4 dxe4 12. Qg5 Nd5 13. Bxg7 Qxg5+ 14. hxg5 Kxg7 15. Nxe4 Rad8 16. Be2 Nf4 17. Bf3 Bd5 18. Nf6 h5 19. Nxd5 cxd5 20. g3 Ne6 21. Bxd5 Nxg5 22. f4 Nh7 23. Bf3 Nf6 24. Rxd8 Rxd8 25. Rd1 Rh8 26. Kd2 h4 27. gxh4 Rxh4 28. Ke3 Rh2 29. Rd2 Rh8 30. c4 Re8+ 31. Kf2 Ne4+ 32. Bxe4 Rxe4 33. Kf3 Rxc4 34. b3 Rc3+ 35. Ke4 Kf6 36. Rd5 Rc6 37. Ra5 a6 38. a3 Ke7 39. b4 f6 40. Kd5 Rd6+ 41. Ke4 Re6+ 42. Kd4 f5 43. b5 axb5 0-1


[Site "https://www.chess.com"]

[Event "Titled Tuesday Blitz May 16 Early 2023"]
[White "Domingo Nunez, Alejandro"]
[Black "Ilamparthi A R"]
[WhiteFideId "22245561"]
[BlackFideId "45015775"]
[WhiteElo "2291"]
[BlackElo "2348"]
[Result "0-1"]
[Round "05"]
[TimeControl "180+2"]
[Date "2023.05.16"]
[WhiteClock "0:00:07"]
[BlackClock "0:00:09"]

1. Nf3 Nf6 2. g3 g6 3. b3 Bg7 4. Bb2 O-O 5. Bg2 c5 6. c4 Nc6 7. O-O d6 8. d4 Rb8 9. d5 Na5 10. a4 a6 11. Bc3 e6 12. Nfd2 Re8 13. e4 exd5 14. cxd5 Nd7 15. Qc2 Ne5 16. h3 c4 17. b4 Nb3 18. Nxb3 cxb3 19. Qxb3 b5 20. Nd2 bxa4 21. Rxa4 Bd7 22. Ra3 Rc8 23. Ba1 Bb5 24. Rd1 Re7 25. f4 Qb6+ 26. Kh2 Nd3 27. Bxg7 Kxg7 28. Nf3 Nf2 29. Qb2+ Kg8 30. Re1 Nd3 31. Rxd3 Bxd3 32. e5 Rce8 33. Ng5 dxe5 34. fxe5 Bc4 35. d6 Ra7 36. Qc2 Be6 37. Qd2 f6 38. exf6 Bf7 39. Nxf7 Kxf7 40. Re7+ Rexe7 41. fxe7 Qb5 42. Qf4+ Ke6 43. Qe4+ Kd7 44. Qe3 Ra8 45. Qf3 Re8 46. Qf6 Qf5 47. Qd4 Qe6 48. Qc5 Qxd6 49. Qa7+ Ke6 50. Qe3+ Kf7 51. Qf3+ Kg7 52. Qb7 Rxe7 53. Qa8 Qf6 54. Qf3 Qxf3 55. Bxf3 Rf7 56. Bd5 Rf6 0-1


[Site "https://www.chess.com"]

[Event "Titled Tuesday Blitz May 16 Early 2023"]
[White "Santos Ruiz, Miguel"]
[Black "Manukyan, Sargis V."]
[WhiteFideId "22291482"]
[BlackFideId "13303465"]
[WhiteElo "2499"]
[BlackElo "2236"]
[Result "0-1"]
[Round "05"]
[TimeControl "180+2"]
[Date "2023.05.16"]
[WhiteClock "0:00:04"]
[BlackClock "0:00:10"]

1. e4 e6 2. d4 d5 3. Nd2 Nc6 4. Ngf3 Nf6 5. e5 Nd7 6. Bd3 Nb4 7. Be2 c5 8. c3 Nc6 9. O-O g5 10. h3 h5 11. Nb3 g4 12. Nh2 gxh3 13. g3 h4 14. g4 a5 15. a4 b6 16. Be3 Ba6 17. Bxa6 Rxa6 18. f4 Bh6 19. Qf3 Ne7 20. Qxh3 c4 21. Nd2 Nf8 22. f5 Bxe3+ 23. Qxe3 Kd7 24. Rf2 Kc8 25. Raf1 Ra7 26. Kh1 Nh7 27. fxe6 fxe6 28. Rf7 Qg8 29. Qh6 Kb8 30. Rg7 Qe8 31. Rff7 Nf5 32. gxf5 Rxf7 33. f6 Nxf6 34. Qg6 Rxg7 35. Qxg7 Nh5 36. Qg4 Ng3+ 37. Kg2 Nf5 38. Kh3 Rg8 39. Ndf3 Rxg4 40. Nxg4 Ne7 41. Ng5 Qg6 42. Kxh4 Qd3 43. Nf6 Nf5+ 44. Kh5 Qd1+ 45. Kg6 Qc2 46. Nxe6 Qxb2 47. Kf7 Ne3 48. Nf8 Qxc3 49. e6 Nf5 50. Ng6 Nd6+ 51. Ke7 Qxd4 52. Nd7+ Kc7 53. Nge5 Nc8+ 54. Ke8 c3 0-1


[Site "https://www.chess.com"]

[Event "Titled Tuesday Blitz May 16 Early 2023"]
[White "Thecourseoisildur"]
[Black "Bocharov, Dmitry"]
[BlackFideId "4138716"]
[WhiteElo "2565"]
[BlackElo "2469"]
[Result "0-1"]
[Round "05"]
[TimeControl "180+2"]
[Date "2023.05.16"]
[WhiteClock "0:00:08"]
[BlackClock "0:01:00"]

1. e4 c5 2. Nf3 d6 3. d4 cxd4 4. Nxd4 Nf6 5. Nc3 a6 6. Rg1 e5 7. Nb3 h5 8. Bg5 Be7 9. Bxf6 Bxf6 10. Qd3 Be6 11. O-O-O Be7 12. g3 Nd7 13. f4 Nf6 14. f5 Bd7 15. h3 Rc8 16. g4 hxg4 17. hxg4 Rxc3 18. bxc3 Bc6 19. Bg2 Nxg4 20. Qe2 Bg5+ 21. Kb1 Ne3 22. Rde1 a5 23. Bf3 a4 24. Rxg5 Qxg5 25. Qxe3 Qxe3 26. Rxe3 axb3 27. cxb3 Rh3 28. Kb2 Bxe4 29. Rxe4 Rxf3 30. Rb4 Rxf5 31. Rxb7 e4 32. a4 Rf2+ 33. Kc1 g5 34. a5 Ra2 35. b4 e3 36. Kd1 f5 37. Rb5 f4 38. Rxg5 f3 39. Rg3 e2+ 40. Ke1 Ra1+ 41. Kf2 e1=Q+ 42. Kxf3 Qxc3+ 43. Kg4 Qxb4+ 44. Kh3 Rxa5 45. Re3+ Kd7 46. Rg3 Ra3 47. Rxa3 Qxa3+ 48. Kg4 Qe3 49. Kf5 d5 50. Kf6 d4 51. Kf5 d3 52. Kf6 d2 53. Kf5 d1=Q 54. Kf6 Qdf3+ 55. Kg7 Qg5+ 56. Kh8 Qh1# 0-1


[Site "https://www.chess.com"]

[Event "Titled Tuesday Blitz May 16 Early 2023"]
[White "Csonka, Balazs"]
[Black "koncheto"]
[WhiteFideId "742910"]
[WhiteElo "2404"]
[BlackElo "2564"]
[Result "0-1"]
[Round "05"]
[TimeControl "180+2"]
[Date "2023.05.16"]
[WhiteClock "0:00:01"]
[BlackClock "0:00:02"]

1. c4 Nf6 2. g3 e6 3. Bg2 c6 4. Nf3 d5 5. O-O Be7 6. d4 O-O 7. Nc3 Nbd7 8. b3 b6 9. Bb2 Bb7 10. Nd2 Rc8 11. e4 dxe4 12. Ndxe4 Nxe4 13. Nxe4 Nf6 14. Qc2 h6 15. Rad1 Nxe4 16. Bxe4 Bf6 17. c5 Qe7 18. b4 Rfd8 19. Rd2 a5 20. a3 axb4 21. axb4 bxc5 22. dxc5 Bxb2 23. Qxb2 Ba6 24. Rfd1 Rxd2 25. Qxd2 Bb5 26. Kg2 h5 27. h4 g6 28. Qf4 Ra8 29. Rd6 Ra4 30. Bxc6 Bxc6+ 31. Rxc6 Qb7 32. Qc7 Qxb4 33. Qe5 Qb7 34. Qc7 Qb4 35. Kh2 Qd2 36. Kg2 Qd5+ 37. Kh2 Ra1 38. Qb8+ Kh7 39. Rc8 Rh1# 0-1


[Site "https://www.chess.com"]

[Event "Titled Tuesday Blitz May 16 Early 2023"]
[White "Gunina, Valentina"]
[Black "Kleiman, Jake"]
[WhiteFideId "4167570"]
[BlackFideId "2020041"]
[WhiteElo "2352"]
[BlackElo "2560"]
[Result "1-0"]
[Round "05"]
[TimeControl "180+2"]
[Date "2023.05.16"]
[WhiteClock "0:00:13"]
[BlackClock "0:00:03"]

1. d4 Nf6 2. c4 e6 3. Nf3 Bb4+ 4. Bd2 Bxd2+ 5. Qxd2 O-O 6. Nc3 d5 7. e3 Qe7 8. Rc1 Rd8 9. Qc2 a6 10. cxd5 exd5 11. Be2 Nc6 12. O-O Bg4 13. Na4 Ne4 14. h3 Bf5 15. Qb3 Rab8 16. Nc5 Rd6 17. Nxe4 dxe4 18. Nh2 Rg6 19. Kh1 Qg5 20. Rg1 Qh4 21. Rc5 Bd7 22. Bg4 Bxg4 23. hxg4 Rxg4 24. Rxc6 Rg5 25. Rxc7 Rf8 26. Rc5 Rxc5 27. dxc5 Qxf2 28. Rd1 h5 29. Rf1 Qe2 30. Qd1 Qxe3 31. Qxh5 Qd3 32. Qf5 Qc4 33. Ng4 Qxa2 34. Rf4 Qxb2 35. Qxe4 Qc1+ 36. Kh2 Qxc5 37. Nf6+ gxf6 38. Rg4+ Kh8 39. Rh4+ Kg7 40. Qh7# 1-0


[Site "https://www.chess.com"]

[Event "Titled Tuesday Blitz May 16 Early 2023"]
[White "Danielyan, Vahe"]
[Black "Badmatsyrenov, Oleg"]
[WhiteFideId "13304828"]
[BlackFideId "24115762"]
[WhiteElo "2423"]
[BlackElo "2396"]
[Result "1-0"]
[Round "05"]
[TimeControl "180+2"]
[Date "2023.05.16"]
[WhiteClock "0:00:05"]
[BlackClock "0:00:05"]

1. e4 c5 2. Nc3 a6 3. g3 b5 4. Bg2 Bb7 5. Nge2 h5 6. h3 e6 7. O-O Nc6 8. d4 cxd4 9. Nxd4 Nxd4 10. Qxd4 Ne7 11. Bg5 Nc6 12. Qd2 f6 13. Be3 Ne5 14. Rad1 Qc7 15. Rfe1 Nc4 16. Qc1 Nxe3 17. Qxe3 Bc5 18. Qe2 Qxg3 19. Rd3 Qe5 20. Kh1 Bd6 21. Kg1 Qh2+ 22. Kf1 Be5 23. Nb1 Bc6 24. Nd2 Bxb2 25. c3 Ba3 26. Nf3 Qf4 27. Nd4 Bb7 28. Red1 Be7 29. a4 Rd8 30. axb5 axb5 31. Nxb5 Ba6 32. c4 Bxb5 33. cxb5 Qe5 34. b6 Bc5 35. b7 Ba7 36. Rg3 g5 37. Rb3 Ke7 38. Qd3 Bb8 39. Rb5 Qf4 40. Ke2 g4 41. h4 Kf7 42. Rb2 Ba7 43. Kf1 Bb8 44. Qb5 Qc7 45. Rbd2 Ke7 46. Qb1 Qe5 47. Qb3 Rhf8 48. Qa4 f5 49. Rxd7+ Rxd7 50. Qxd7+ Kf6 51. Qh7 Qb5+ 52. Kg1 Qb4 53. Qh6+ Ke5 54. exf5 Rxf5 55. Qh8+ Rf6 56. Qxb8+ Kf5 57. Qc8 g3 58. b8=Q gxf2+ 59. Kf1 Qg4 60. Qb1+ Ke5 61. Qc5+ Kf4 62. Rd4+ Kg3 63. Rxg4+ hxg4 64. Qe5+ Kxh4 65. Qxf6+ Kg3 66. Qd3+ Kh2 67. Qh4# 1-0


[Site "https://www.chess.com"]

[Event "Titled Tuesday Blitz May 16 Early 2023"]
[White "Tatarinov, Dmitry"]
[Black "OPQRC"]
[WhiteFideId "24160067"]
[WhiteElo "2326"]
[BlackElo "2553"]
[Result "1-0"]
[Round "05"]
[TimeControl "180+2"]
[Date "2023.05.16"]
[WhiteClock "0:00:46"]
[BlackClock "0:00:00"]

1. d4 Nf6 2. c4 e6 3. Nf3 d5 4. Nc3 c5 5. cxd5 Nxd5 6. e4 Nxc3 7. bxc3 cxd4 8. cxd4 Bb4+ 9. Bd2 Bxd2+ 10. Qxd2 O-O 11. Bc4 Nd7 12. O-O b6 13. d5 exd5 14. Bxd5 Rb8 15. Qf4 Ba6 16. Rfd1 Be2 17. Rd2 Bxf3 18. Qxf3 Qe7 19. Rad1 Ne5 20. Qg3 Rbc8 21. h3 h6 22. Bb3 Nc4 23. Rd4 Ne5 24. Qf4 a5 25. Rd5 Ng6 26. Qe3 Rb8 27. f4 b5 28. e5 Qh4 29. f5 Ne7 30. R5d4 Qh5 31. g4 Qh4 32. Rd7 Nc6 33. R1d6 Rbc8 34. Kg2 Nb4 35. Qg3 Qg5 36. h4 Qc1 37. Rd1 Qc6+ 38. Qf3 Qxf3+ 39. Kxf3 a4 40. Bd5 Rc3+ 41. Kf4 Nxd5+ 42. R1xd5 Rfc8 43. Rd8+ Rxd8 44. Rxd8+ Kh7 45. e6 Rc4+ 46. Ke5 fxe6 47. fxe6 1-0


[Site "https://www.chess.com"]

[Event "Titled Tuesday Blitz May 16 Early 2023"]
[White "iHateNAJDORF"]
[Black "Gritsenko, Nikolai"]
[BlackFideId "14112493"]
[WhiteElo "2545"]
[BlackElo "2389"]
[Result "1/2-1/2"]
[Round "05"]
[TimeControl "180+2"]
[Date "2023.05.16"]
[WhiteClock "0:01:13"]
[BlackClock "0:00:38"]

1. e4 d5 2. exd5 Nf6 3. Bb5+ Bd7 4. Be2 Nxd5 5. d4 Bf5 6. Nf3 e6 7. O-O Be7 8. a3 O-O 9. c4 Nb6 10. Nc3 a5 11. Bf4 Bf6 12. Qd2 Nc6 13. Rad1 a4 14. d5 Na5 15. dxe6 Bxe6 16. Qxd8 Raxd8 17. Bxc7 Rxd1 18. Rxd1 Naxc4 19. Bxc4 Nxc4 20. Nxa4 Nxb2 21. Nxb2 Bxb2 22. Rb1 Bxa3 23. Rxb7 Rc8 24. Rb8 Rxb8 25. Bxb8 Bb2 26. Be5 Ba3 27. Bf4 f6 28. Be3 Kf7 29. Nd4 Bd7 30. f3 Ke7 31. Kf2 Kd6 32. Nc2 Bb2 33. Bd4 Bc1 34. Be3 Bb2 35. Bd4 Bc1 36. Be3 Bb2 1/2-1/2


[Site "https://www.chess.com"]

[Event "Titled Tuesday Blitz May 16 Early 2023"]
[White "Mathieu, Phileas"]
[Black "Wagner, Dennis"]
[WhiteFideId "36048410"]
[BlackFideId "24650684"]
[WhiteElo "2241"]
[BlackElo "2478"]
[Result "1/2-1/2"]
[Round "05"]
[TimeControl "180+2"]
[Date "2023.05.16"]
[WhiteClock "0:00:51"]
[BlackClock "0:00:14"]

1. e4 e5 2. Nf3 Nc6 3. Bb5 a6 4. Ba4 Nf6 5. O-O Nxe4 6. Re1 Nc5 7. Bxc6 dxc6 8. d4 Ne6 9. dxe5 Qxd1 10. Rxd1 Be7 11. Nc3 Bd7 12. Be3 O-O-O 13. Ne4 b6 14. c4 f5 15. exf6 gxf6 16. Ng3 Ng5 17. Nd4 h5 18. h4 Nf7 19. Ndf5 Bf8 20. Bd4 Ne5 21. Ne3 Be6 22. b3 Ba3 23. Ne4 Be7 24. Bb2 Rxd1+ 25. Rxd1 a5 26. f4 Ng4 27. Nxg4 Bxg4 28. Re1 Rf8 29. Bd4 c5 30. Bc3 Kd7 31. Kf2 Bf5 32. Rd1+ Ke6 33. Re1 Bxe4 34. Rxe4+ Kd7 35. g3 f5 36. Re2 Bd6 37. Kf3 Rg8 38. Be5 a4 39. Bxd6 cxd6 40. Rd2 axb3 41. axb3 Ra8 42. Rd5 Ke6 43. Rd3 Ra2 44. Re3+ Kd7 45. Rd3 Rb2 46. Re3 Rc2 47. Rd3 Ke6 48. Ke3 Rb2 49. Kf3 Kd7 50. Ke3 Kc6 51. Kf3 Rc2 52. Ke3 Ra2 53. Kf3 Ra8 54. Rd5 Rf8 55. Ke3 b5 56. Kd3 b4 57. Ke3 Kd7 58. Kf3 Ke6 59. Rd3 Ra8 60. Re3+ Kd7 61. Rd3 Ra2 62. Ke3 Rc2 63. Kf3 Ke6 64. Re3+ Kf6 65. Rd3 Ke7 66. Re3+ Kd7 67. Re2 Rc3+ 68. Re3 Rc1 69. Rd3 Rb1 70. Re3 Rd1 71. Ke2 Rd4 72. Rd3 Rxd3 73. Kxd3 Kc6 74. Ke3 d5 75. Kd3 d4 76. Kd2 Kd6 77. Kd3 Kd7 78. Kd2 Kd8 79. Kd3 Ke7 80. Kd2 Kf6 81. Kd3 Kg6 82. Ke2 Kg7 83. Kd3 Kf7 84. Kd2 Ke7 85. Ke2 Kd6 86. Kf3 Kc6 87. Ke2 Kd6 88. Kd3 Ke6 89. Kd2 Kd6 90. Kc2 Ke6 91. Kd3 Kd6 92. Kd2 Ke6 93. Ke2 Kd6 1/2-1/2


[Site "https://www.chess.com"]

[Event "Titled Tuesday Blitz May 16 Early 2023"]
[White "Aakanksha Hagawane"]
[Black "Dimitrov, Atanas"]
[WhiteFideId "25014510"]
[BlackFideId "2901315"]
[WhiteElo "2081"]
[BlackElo "2714"]
[Result "0-1"]
[Round "05"]
[TimeControl "180+2"]
[Date "2023.05.16"]
[WhiteClock "0:00:00"]
[BlackClock "0:00:27"]

1. e4 c5 2. Nf3 d6 3. Bb5+ Bd7 4. Bxd7+ Nxd7 5. O-O Ngf6 6. Re1 g6 7. d4 cxd4 8. Nxd4 Bg7 9. c4 O-O 10. Nc3 Rc8 11. Qe2 a6 12. Bd2 e6 13. Rac1 Qe7 14. b3 Rfd8 15. Qf3 Ne5 16. Qh3 Nc6 17. Nde2 Nd7 18. f4 Nc5 19. f5 Ne5 20. Rf1 b5 21. fxe6 fxe6 22. cxb5 axb5 23. Nxb5 Nxe4 24. Be3 d5 25. Ned4 Rxc1 26. Rxc1 Re8 27. Rc7 Qf6 28. a4 h5 29. Rc1 Ng4 30. Rf1 Qe7 31. Bc1 Qc5 32. Qd3 e5 33. Ba3 Qb6 34. a5 Qxa5 35. Nf3 Qb6+ 36. Kh1 Nef2+ 0-1


[Site "https://www.chess.com"]

[Event "Titled Tuesday Blitz May 16 Early 2023"]
[White "Rastbod, Ali"]
[Black "Bogaudinov, Rushan"]
[WhiteFideId "12567477"]
[BlackFideId "4129288"]
[WhiteElo "2274"]
[BlackElo "1941"]
[Result "1-0"]
[Round "05"]
[TimeControl "180+2"]
[Date "2023.05.16"]
[WhiteClock "0:00:48"]
[BlackClock "0:00:06"]

1. c4 e5 2. g3 g6 3. Bg2 Bg7 4. Nc3 Ne7 5. Nf3 O-O 6. O-O Nbc6 7. d3 d6 8. Rb1 a5 9. a3 Bg4 10. b4 axb4 11. axb4 Qd7 12. b5 Na5 13. Re1 Bh3 14. Bh1 h6 15. Bd2 f5 16. Qc1 Kh7 17. Ra1 Nb3 18. Rxa8 Nxc1 19. Rxf8 Nxe2+ 20. Nxe2 Bxf8 21. Ra1 Qc8 22. Bc3 Bg7 23. Nd2 Qb8 24. Ra4 Nc8 25. Ra2 Nb6 26. Nf1 e4 27. Bxg7 Kxg7 28. dxe4 Nxc4 29. exf5 Bxf5 30. Nd4 Qe8 31. Re2 Qxb5 32. Nxb5 c6 33. Nd4 Bd3 34. Re7+ Kf6 35. Rxb7 c5 36. Nb5 Ke6 37. Ne3 Na5 38. Ra7 Bxb5 39. Bd5+ 1-0


[Site "https://www.chess.com"]

[Event "Titled Tuesday Blitz May 16 Early 2023"]
[White "Mirzoev, Azer"]
[Black "Labussiere, Yago"]
[WhiteFideId "13400304"]
[BlackFideId "2186969"]
[WhiteElo "2525"]
[BlackElo "2160"]
[Result "1-0"]
[Round "05"]
[TimeControl "180+2"]
[Date "2023.05.16"]
[WhiteClock "0:00:18"]
[BlackClock "0:00:06"]

1. c4 e5 2. Nc3 Nc6 3. e3 g6 4. d4 exd4 5. exd4 Bg7 6. d5 Nce7 7. d6 cxd6 8. Qxd6 Nf5 9. Qd3 Nf6 10. Nf3 O-O 11. Be2 b6 12. O-O Bb7 13. Rd1 Re8 14. Bf4 h5 15. h3 a6 16. Qd2 Qe7 17. Re1 Qc5 18. Rad1 Qc6 19. Bf1 Rxe1 20. Rxe1 Re8 21. Rxe8+ Nxe8 22. Ne5 Bxe5 23. Bxe5 Qe6 24. Bf4 h4 25. b3 Nf6 26. Bg5 Ne4 27. Nxe4 Bxe4 28. a4 f6 29. Bf4 Bc6 30. Bc7 g5 31. Bxb6 Bxg2 32. Bxg2 Qxb6 33. Qd5+ Qe6 34. Qxe6+ dxe6 35. a5 Kf7 36. Bb7 Nd4 37. b4 Ke7 38. Bxa6 Kd6 39. Bb7 Kc7 40. Bg2 Nb3 41. c5 Nd4 42. a6 Nb5 43. Bf1 Na7 44. b5 e5 45. b6+ Kb8 46. bxa7+ Kxa7 47. Bc4 1-0


[Site "https://www.chess.com"]

[Event "Titled Tuesday Blitz May 16 Early 2023"]
[White "Garrido, Denis"]
[Black "Nitish Belurkar"]
[WhiteFideId "601217"]
[BlackFideId "5084768"]
[WhiteElo "2294"]
[BlackElo "2352"]
[Result "0-1"]
[Round "05"]
[TimeControl "180+2"]
[Date "2023.05.16"]
[WhiteClock "0:01:34"]
[BlackClock "0:02:25"]

1. e4 d5 2. exd5 Nf6 3. Nf3 Nxd5 4. d4 Bf5 5. a3 e6 6. c4 Nf6 7. Nc3 c5 8. Be3 Nbd7 9. Be2 Be7 10. O-O O-O 11. h3 h6 12. Re1 Rc8 13. d5 exd5 14. cxd5 Bd6 15. Bc4 a6 16. a4 Re8 17. Qd2 Qc7 18. Rad1 Rcd8 19. g4 Bh7 20. Kg2 Ne4 21. Nxe4 Bxe4 22. a5 Bxf3+ 23. Kxf3 Ne5+ 24. Kg2 Nxc4 25. Qc3 Nxe3+ 26. Rxe3 0-1


[Site "https://www.chess.com"]

[Event "Titled Tuesday Blitz May 16 Early 2023"]
[White "Lesbekova, Assel"]
[Black "Grigoriants, Sergey"]
[WhiteFideId "13713248"]
[BlackFideId "4130804"]
[WhiteElo "1805"]
[BlackElo "2502"]
[Result "0-1"]
[Round "05"]
[TimeControl "180+2"]
[Date "2023.05.16"]
[WhiteClock "0:00:06"]
[BlackClock "0:00:32"]

1. e4 c5 2. Nf3 e6 3. d4 cxd4 4. Nxd4 Nf6 5. Bd3 Nc6 6. Nxc6 bxc6 7. O-O d5 8. exd5 cxd5 9. c4 Bd6 10. Nc3 dxc4 11. Qa4+ Qd7 12. Qxd7+ Bxd7 13. Bxc4 Ke7 14. Bb5 Rhc8 15. Bxd7 Nxd7 16. Bd2 Rab8 17. b3 Nf6 18. Rac1 Ba3 19. Rcd1 Rb7 20. Na4 Nd5 21. Bc1 Bxc1 22. Rxc1 Rbc7 23. Rxc7+ Rxc7 24. g3 Rc2 25. Ra1 g5 26. h3 h5 27. a3 a5 28. Kf1 h4 29. gxh4 gxh4 30. b4 axb4 31. axb4 Nxb4 32. Rb1 Nd3 33. Rb3 Rxf2+ 34. Kg1 Rf3 35. Kg2 Ne1+ 0-1


[Site "https://www.chess.com"]